 Dungeon Crawl Stone Soup version 0.30.1-6-gbe392663c4 (webtiles) character file.

Game seed: 6827136156171816707

8 NullDivider the Stinger (level 2, -3/17 HPs)
             Began as an Octopode Venom Mage on Sept 20, 2023.
             Slain by a goblin
             ... wielding a +0 club
             ... led by Robin
              (5 damage)
             ... on level 2 of the Dungeon.
             The game lasted 00:01:31 (573 turns).

NullDivider the Stinger (Octopode Venom Mage)        Turns: 573, Time: 00:01:32

Health: -3/17      AC:  1    Str:  7    XL:     2   Next: 8%
Magic:  5/5        EV: 13    Int: 17    God:
Gold:   46         SH:  0    Dex: 12    Spells: 2/5 levels left

rFire   . . .        (no weapon)
rCold   . . .        (no shield)
rNeg    . . .        (helmet restricted)
rPois   .            (no amulet)
rElec   .            (no ring)
rCorr   .            (no ring)
SInv    .            (no ring)
Will    .....        (no ring)
Stlth   +++          (no ring)
HPRegen 0.22/turn    (no ring)
MPRegen 0.09/turn    (no ring)
                     (no ring)

%: no passive effects
@: no status effects
A: almost no armour, amphibious, 8 rings, camouflage 1, gelatinous body 1,
(nimble swimmer 1), tentacles
a: no special abilities


You were on level 2 of the Dungeon.
You visited 1 branch of the dungeon, and saw 2 of its levels.

You collected 46 gold pieces.

Inventory:

Hand Weapons
 d - a +0 dagger of venom
Scrolls
 b - a scroll of blinking {unknown}
 c - 2 scrolls of identify {unknown}
Potions
 a - a potion of magic


   Skills:
 + Level 2.2 Dodging
 + Level 3.0 Stealth
 + Level 2.1 Spellcasting
 - Level 1.0 Transmutations
 + Level 0.0 Air Magic
 + Level 3.8 Poison Magic


You had 2 spell levels left.
You knew the following spells:

 Your Spells              Type           Power      Damage    Failure   Level
a - Sting                 Tmut/Pois      40%        1d5       7%          1
b - Poisonous Vapours     Pois/Air       16%        N/A       13%         2

Your spell library contained the following spells:

 Spells                   Type           Power      Damage    Failure   Level
 Mephitic Cloud           Conj/Pois/Air  6%         N/A       34%         3
 Olgreb's Toxic Radiance  Pois           14%        N/A       36%         4


Dungeon Overview and Level Annotations

Branches:
Dungeon (2/15)

Altars:

Annotations:
D:2 Natasha, Robin


Innate Abilities, Weirdness & Mutations

You cannot wear most types of armour.
You are amphibious.
You can wear up to eight rings at the same time.
Your skin changes colour to match your surroundings (Stealth+).
Your rubbery body absorbs attacks. (AC +1, EV +1)
((You are camouflaged when in or above water. (Stealth+)))
You have tentacles for arms and can constrict up to eight enemies at once.


Message History

You tentacle-slap the kobold. Your squeeze misses the kobold.
The kobold is severely wounded.
You constrict the kobold.
You kill the kobold!
You constrict the rat.
You kill the rat!
You have reached level 2!
You start resting.
HP restored.
Found an escape hatch in the ceiling.
Things that are here:
a +0 short sword; 2 stones You now have 46 gold pieces (gained 12).
Memorise Poisonous Vapours, consuming 2 spell levels and leaving 2?
You start memorising the spell.
You continue memorising. x2
You finish memorising.
Spell assigned to 'b'.
Okay, then.
Found a stone staircase leading up.
A hobgoblin, a goblin and an adder come into view.
Found 3 gold pieces.
Found an escape hatch in the floor. 3 goblins come into view.
The goblin shouts!
You hear a shout!
You hear an angry hiss.
A goblin comes into view. It is wielding a +1 dagger of draining.
Natasha and Robin come into view.
Natasha is carrying a wand of light (10).
Natasha casts a spell at you. The magic dart hits you.
You see here a +0 dagger of venom.
d - a +0 dagger of venom A goblin comes into view.
It is wielding a +0 club.
Robin shouts!
Robin throws the goblin at you! The goblin hits you with a +0 club.
* * * LOW HITPOINT WARNING * * *
The goblin shouts!
The goblin attacks as you move away! The goblin hits you with a +0 club.
* * * LOW HITPOINT WARNING * * *
The goblin attacks as you move away! The goblin hits you but does no damage.
The goblin attacks as you move away! The goblin hits you with a +0 club.
You die...

#############
##<....#.....##
##.............##
#...............#
#...............#
#...............#
#..@............#
#...g...........#
#......)........#
##....g........##
#............##
#>.#####.######
#.. #.# #....#
#..# #. ##g####
...... #..#


You could see a hobgoblin and a goblin.

Vanquished Creatures
  An endoplasm (D:1)
  A hobgoblin (D:1)
  2 kobolds
  A bat (D:1)
  A frilled lizard (D:1)
  2 rats
8 creatures vanquished.

Notes
Turn   | Place    | Note
-------+----------+-------------------------------------------
     0 | D:1      | NullDivider the Octopode Venom Mage began the quest for the
                  | Orb.
     0 | D:1      | Reached XP level 1. HP: 11/11 MP: 3/3
    41 | D:1      | Found a faded altar of an unknown god.
   465 | D:1      | You fall into a shaft and drop 1 floor!
   474 | D:2      | Reached XP level 2. HP: 3/17 MP: 5/5
   541 | D:2      | Learned a level 2 spell: Poisonous Vapours
   556 | D:2      | Noticed Natasha
   556 | D:2      | Noticed Robin
   573 | D:2      | Slain by a goblin

Illustrated notes

Levels and vault maps discovered:
D:1:      lightli_arrival_farm, layout_basic, basic_ecumenical_altar
D:2:      layout_rooms, serial_glass, glass_columns_a, glass_columns_a,
          uniq_natasha, uniq_robin

Skill      XL: |  1 |
---------------+----+-----
Stealth        | 3 |  3.0
Dodging        | |  2.2
Spellcasting   | |  2.1
Transmutations | |  1.0
Poison Magic   | |  3.8

Action                     || total
---------------------------++-------
  Melee: Unarmed           ||    21
         Constrict         ||     6
         Tentacles         ||     4
   Cast: Sting             ||     1
   Stab: Sleeping          ||     3
 Armour: Skin              ||     2
  Dodge: Dodged            ||     9
